[ AOE2 MATCH · #474953489 ]
UnrankedKhmer vs Tatars
[ REPLAY ANALYSIS · EXTRACTED FROM THE RECORDED GAME ]
Feudal
13:48
Castle
17:16
Imperial
—
| APM avg | 19.1 |
| APM peak | 50 |
| eAPM avg | 12.0 |
| Villagers / military | 54 / 17 |
Focus
⚔️ 31.2% · 🌾 68.8%
Knight ×12 · Fishing Ship ×7 · Mangonel ×3 · Scorpion ×2
Feudal
14:03
Castle
20:48
Imperial
—
| APM avg | 37.1 |
| APM peak | 87 |
| eAPM avg | 17.7 |
| Villagers / military | 70 / 32 |
Focus
⚔️ 23.3% · 🌾 76.7%
Keshik ×13 · Cavalry Archer ×9 · Fishing Ship ×7 · Fire Galley ×5 · Galley ×4 · Unknown (2626) ×3
Feudal
12:38
Castle
19:40
Imperial
32:16
| APM avg | 34.8 |
| APM peak | 60 |
| eAPM avg | 20.0 |
| Villagers / military | 73 / 87 |
Focus
⚔️ 31.9% · 🌾 68.1%
Mangudai ×72 · Fishing Ship ×8 · Unknown (2626) ×7 · Battering Ram ×6 · Monk ×4 · Trebuchet (Packed) ×4
Feudal
14:13
Castle
19:07
Imperial
—
| APM avg | 24.6 |
| APM peak | 56 |
| eAPM avg | 16.2 |
| Villagers / military | 69 / 19 |
Focus
⚔️ 10.1% · 🌾 89.9%
Chu Ko Nu ×16 · Fishing Ship ×5 · Iron Pagoda ×3 · Unknown (2626) ×3
Feudal
12:12
Castle
34:07
Imperial
—
| APM avg | 25.6 |
| APM peak | 48 |
| eAPM avg | 14.8 |
| Villagers / military | 108 / 0 |
Focus
⚔️ 23.9% · 🌾 76.1%
Fishing Ship ×30 · Unknown (2626) ×25
Feudal
14:22
Castle
24:05
Imperial
—
| APM avg | 8.7 |
| APM peak | 22 |
| eAPM avg | 7.1 |
| Villagers / military | 61 / 56 |
Focus
⚔️ 29.5% · 🌾 70.5%
Kipchak ×19 · Knight ×18 · Fishing Ship ×10 · Fire Galley ×8 · Battering Ram ×6 · Steppe Lancer ×3
Feudal
13:08
Castle
20:38
Imperial
33:14
| APM avg | 30.3 |
| APM peak | 92 |
| eAPM avg | 17.2 |
| Villagers / military | 126 / 90 |
Focus
⚔️ 27.7% · 🌾 72.3%
Karambit Warrior ×45 · Spearman ×38 · Fishing Ship ×6 · Trebuchet (Packed) ×5 · Unknown (2626) ×2 · Monk ×1
Feudal
14:20
Castle
19:14
Imperial
—
| APM avg | 21.5 |
| APM peak | 50 |
| eAPM avg | 13.1 |
| Villagers / military | 95 / 9 |
Focus
⚔️ 14.4% · 🌾 85.6%
Unknown (1908) ×17 · Fishing Ship ×6 · Fire Lancer ×4 · Iron Pagoda ×3 · Militia ×2
Match map
Initial resources + every placement click. Lines = walls · curves = elevation contours. ◆ gold · ⬟ stone · ● berries · ✦ relic · ◌ wall gap
Your base· Open — unwalled flank
CSA_WHF_Payne's base· Open — 7t gap
_dRix4_'s base· Open — 2t gap
CSA_Smith's base· Open — 10t gap
CSA_Prince's base· Open — unwalled flank
CSA_A_Clark's base· Open — 3t gap
iggo_px's base· Open — unwalled flank
Oveja de Batalla's base· Open — unwalled flank
Smoothed initial terrain · ◌ = detected wall gap · hover for details
Inputs per minute
— boofbuddha - - CSA_WHF_Payne
Build order — boofbuddha
125 actions detected in the replay
| 0:29 | Build | Town Center |
| 0:48 | Build | Dock |
| 1:36 | Build | House |
| 2:50 | Create | Villager (Male) |
| 2:50 | Create | Villager (Male) |
| 2:50 | Create | Villager (Male) |
| 2:53 | Create | Villager (Male) |
| 2:53 | Create | Villager (Male) |
| 3:48 | Create | Villager (Male) |
| 3:49 | Create | Villager (Male) |
| 4:05 | Create | Fishing Ship |
| 4:49 | Build | House |
| 4:52 | Create | Villager (Male) |
| 5:18 | Create | Villager (Male) |
| 5:51 | Create | Fishing Ship |
| 5:53 | Create | Villager (Male) |
| 6:07 | Research | Loom |
| 6:10 | Build | House |
| 6:33 | Create | Villager (Male) |
| 6:34 | Create | Villager (Male) |
| 6:35 | Create | Fishing Ship |
| 6:54 | Create | Villager (Male) |
| 7:15 | Create | Villager (Male) |
| 7:20 | Build | House |
| 7:23 | Create | Villager (Male) |
| 7:24 | Create | Villager (Male) |
| 7:52 | Create | Villager (Male) |
| 7:57 | Build | Mill |
| 8:08 | Create | Villager (Male) |
| 8:28 | Create | Fishing Ship |
| 8:35 | Create | Villager (Male) |
| 9:01 | Build | House |
| 9:29 | Create | Villager (Male) |
| 9:29 | Create | Villager (Male) |
| 9:30 | Create | Villager (Male) |
| 9:30 | Create | Villager (Male) |
| 9:31 | Create | Fishing Ship |
| 9:56 | Create | Fishing Ship |
| 10:02 | Create | Villager (Male) |
| 10:02 | Create | Villager (Male) |
| 10:48 | Create | Fishing Ship |
| 11:38 | Research | Feudal Age |
| 11:38 | Research | Feudal Age |
| 11:45 | Build | Mining Camp |
| 12:47 | Build | House |
| 12:53 | Create | Villager (Male) |
| 13:48 | Age | Feudal Age |
| 14:36 | Research | Castle Age |
| 14:45 | Build | Stable |
| 16:05 | Create | Villager (Male) |
| 16:08 | Research | Bloodlines |
| 16:13 | Build | Blacksmith |
| 16:45 | Research | Forging |
| 17:16 | Build | Mill |
| 17:16 | Age | Castle Age |
| 17:22 | Create | Knight |
| 17:49 | Create | Villager (Male) |
| 17:52 | Create | Knight |
| 18:19 | Build | Watch Tower |
| 18:22 | Create | Knight |
| 18:42 | Create | Villager (Male) |
| 18:56 | Create | Villager (Male) |
| 19:30 | Build | Palisade Wall |
| 19:31 | Build | Palisade Wall |
| 19:32 | Build | Palisade Wall |
| 19:32 | Build | Palisade Wall |
| 19:32 | Build | Palisade Wall |
| 19:33 | Build | Palisade Wall |
| 19:33 | Build | Palisade Wall |
| 19:34 | Build | Palisade Wall |
| 19:38 | Build | House |
| 20:07 | Build | Siege Workshop |
| 20:18 | Create | Villager (Male) |
| 20:35 | Create | Villager (Male) |
| 20:55 | Create | Mangonel |
| 21:53 | Create | Mangonel |
| 22:16 | Create | Villager (Male) |
| 22:42 | Create | Mangonel |
| 22:47 | Create | Knight |
| 22:51 | Build | House |
| 22:59 | Create | Villager (Male) |
| 23:27 | Build | Farm |
| 23:31 | Build | Farm |
| 23:32 | Create | Villager (Male) |
| 23:54 | Create | Villager (Male) |
| 23:56 | Build | Farm |
| 23:59 | Build | Farm |
| 24:43 | Create | Villager (Male) |
| 24:45 | Build | Lumber Camp |
| 24:53 | Create | Villager (Male) |
| 24:59 | Create | Knight |
| 24:59 | Create | Knight |
| 25:26 | Build | House |
| 25:59 | Create | Villager (Male) |
| 26:07 | Build | Market |
| 26:08 | Create | Villager (Male) |
| 26:18 | Create | Knight |
| 26:18 | Create | Knight |
| 26:20 | Build | House |
| 26:22 | Build | House |
| 26:58 | Create | Villager (Male) |
| 27:03 | Create | Scorpion |
| 27:03 | Create | Scorpion |
| 27:13 | Create | Knight |
| 27:13 | Create | Knight |
| 27:44 | Create | Knight |
| 27:44 | Create | Knight |
| 27:50 | Create | Villager (Male) |
| 27:54 | Build | Farm |
| 27:54 | Build | Farm |
| 29:32 | Create | Villager (Male) |
| 29:34 | Create | Villager (Male) |
| 29:55 | Build | Mining Camp |
| 31:33 | Build | Town Center |
| 32:22 | Create | Villager (Male) |
| 32:22 | Create | Villager (Male) |
| 32:22 | Create | Villager (Male) |
| 34:16 | Build | Town Center |
| 35:30 | Create | Villager (Male) |
| 35:31 | Create | Villager (Male) |
| 35:31 | Create | Villager (Male) |
| 35:31 | Create | Villager (Male) |
| 35:35 | Create | Villager (Male) |
| 35:35 | Create | Villager (Male) |
| 35:35 | Create | Villager (Male) |
Build order — CSA_WHF_Payne
First 150 of 191 actions detected
| 0:07 | Build | Town Center |
| 0:59 | Build | Dock |
| 1:04 | Build | House |
| 2:41 | Create | Villager (Male) |
| 2:42 | Create | Villager (Male) |
| 2:42 | Create | Villager (Male) |
| 2:42 | Create | Villager (Male) |
| 3:08 | Research | Loom |
| 3:50 | Create | Villager (Male) |
| 5:11 | Build | House |
| 5:35 | Create | Villager (Male) |
| 5:35 | Create | Villager (Male) |
| 5:42 | Create | Fishing Ship |
| 6:10 | Create | Villager (Male) |
| 6:10 | Create | Villager (Male) |
| 6:40 | Create | Villager (Male) |
| 6:57 | Build | House |
| 7:03 | Create | Villager (Male) |
| 7:07 | Create | Fishing Ship |
| 7:19 | Create | Villager (Male) |
| 7:37 | Create | Villager (Male) |
| 8:20 | Build | House |
| 8:24 | Create | Fishing Ship |
| 8:39 | Create | Villager (Male) |
| 8:39 | Create | Villager (Male) |
| 8:58 | Build | House |
| 9:42 | Create | Villager (Male) |
| 9:42 | Create | Villager (Male) |
| 9:56 | Create | Fishing Ship |
| 9:56 | Create | Fishing Ship |
| 10:36 | Build | Dock |
| 11:08 | Build | Mill |
| 11:53 | Research | Feudal Age |
| 12:04 | Build | Mining Camp |
| 12:36 | Build | Lumber Camp |
| 13:41 | Build | House |
| 13:53 | Build | Palisade Wall |
| 14:00 | Build | House |
| 14:03 | Age | Feudal Age |
| 14:09 | Create | Unit 2626 |
| 14:09 | Create | Unit 2626 |
| 14:15 | Create | Fire Galley |
| 14:15 | Create | Fire Galley |
| 14:22 | Create | Galley |
| 14:23 | Create | Galley |
| 14:36 | Create | Villager (Male) |
| 14:36 | Create | Villager (Male) |
| 14:36 | Create | Villager (Male) |
| 14:57 | Create | Villager (Male) |
| 14:57 | Create | Villager (Male) |
| 14:59 | Research | Double-Bit Axe |
| 15:05 | Create | Galley |
| 16:04 | Create | Galley |
| 16:08 | Create | Villager (Male) |
| 16:08 | Create | Villager (Male) |
| 16:17 | Build | Market |
| 16:27 | Build | Palisade Wall |
| 16:34 | Build | House |
| 16:55 | Create | Unit 2626 |
| 17:31 | Build | Blacksmith |
| 17:46 | Build | Mining Camp |
| 18:08 | Research | Castle Age |
| 18:18 | Create | Demolition Raft |
| 18:38 | Create | Fishing Ship |
| 18:38 | Create | Fishing Ship |
| 18:48 | Build | Farm |
| 18:49 | Build | Farm |
| 18:50 | Build | Farm |
| 19:35 | Create | Fire Galley |
| 19:48 | Create | Fire Galley |
| 20:07 | Research | Fletching |
| 20:48 | Age | Castle Age |
| 20:50 | Build | Town Center |
| 20:57 | Build | Town Center |
| 21:08 | Create | Villager (Male) |
| 21:09 | Create | Villager (Male) |
| 21:09 | Create | Villager (Male) |
| 21:32 | Create | Fire Galley |
| 21:56 | Research | Wheelbarrow |
| 22:34 | Create | Villager (Male) |
| 22:34 | Create | Villager (Male) |
| 22:34 | Create | Villager (Male) |
| 22:35 | Create | Villager (Male) |
| 22:40 | Build | Farm |
| 22:41 | Build | Farm |
| 22:42 | Build | Farm |
| 22:45 | Build | Farm |
| 22:55 | Create | Villager (Male) |
| 22:55 | Create | Villager (Male) |
| 23:03 | Build | Farm |
| 23:04 | Build | Farm |
| 23:05 | Build | Farm |
| 23:30 | Build | Lumber Camp |
| 23:40 | Create | Villager (Male) |
| 23:40 | Create | Villager (Male) |
| 24:15 | Create | Villager (Male) |
| 24:16 | Create | Villager (Male) |
| 24:48 | Create | Villager (Male) |
| 24:48 | Create | Villager (Male) |
| 24:48 | Create | Villager (Male) |
| 25:17 | Build | Castle |
| 25:31 | Create | Villager (Male) |
| 25:31 | Create | Villager (Male) |
| 25:39 | Create | Villager (Male) |
| 25:39 | Create | Villager (Male) |
| 25:47 | Build | Barracks |
| 25:56 | Build | House |
| 25:57 | Build | House |
| 27:06 | Create | Keshik |
| 27:06 | Create | Keshik |
| 27:07 | Create | Keshik |
| 27:07 | Create | Keshik |
| 27:07 | Create | Keshik |
| 27:38 | Build | House |
| 27:57 | Research | Scale Barding Armor |
| 28:17 | Build | Stone Wall |
| 29:08 | Create | Keshik |
| 29:09 | Create | Keshik |
| 29:09 | Create | Keshik |
| 29:31 | Build | Farm |
| 29:41 | Build | Farm |
| 29:48 | Build | Farm |
| 29:52 | Create | Villager (Male) |
| 29:52 | Create | Villager (Male) |
| 29:52 | Create | Villager (Male) |
| 30:03 | Research | Forging |
| 30:33 | Create | Keshik |
| 30:33 | Create | Keshik |
| 31:03 | Create | Keshik |
| 31:03 | Create | Keshik |
| 31:23 | Build | Town Center |
| 31:30 | Build | Farm |
| 31:40 | Build | Archery Range |
| 31:51 | Build | Farm |
| 31:56 | Build | Farm |
| 32:01 | Research | Bow Saw |
| 32:07 | Create | Villager (Male) |
| 32:07 | Create | Villager (Male) |
| 32:08 | Create | Villager (Male) |
| 32:14 | Create | Keshik |
| 32:26 | Build | Farm |
| 32:31 | Build | Farm |
| 32:35 | Create | Cavalry Archer |
| 32:35 | Create | Cavalry Archer |
| 32:35 | Create | Cavalry Archer |
| 32:36 | Create | Cavalry Archer |
| 32:36 | Create | Cavalry Archer |
| 32:44 | Create | Villager (Male) |
| 32:45 | Create | Villager (Male) |
| 32:45 | Create | Villager (Male) |
Build order — _dRix4_
First 150 of 262 actions detected
| 0:10 | Build | Town Center |
| 2:20 | Build | Dock |
| 2:38 | Build | House |
| 2:40 | Create | Villager (Male) |
| 2:40 | Create | Villager (Male) |
| 2:41 | Create | Villager (Male) |
| 2:41 | Create | Villager (Male) |
| 2:41 | Create | Villager (Male) |
| 3:41 | Create | Fishing Ship |
| 4:25 | Research | Loom |
| 4:37 | Build | House |
| 4:49 | Create | Villager (Male) |
| 5:08 | Create | Villager (Male) |
| 5:29 | Create | Fishing Ship |
| 5:33 | Create | Villager (Male) |
| 5:33 | Create | Villager (Male) |
| 5:51 | Create | Villager (Male) |
| 5:51 | Create | Villager (Male) |
| 6:12 | Build | House |
| 6:14 | Create | Villager (Male) |
| 6:24 | Create | Fishing Ship |
| 6:46 | Create | Villager (Male) |
| 6:58 | Create | Villager (Male) |
| 7:13 | Create | Fishing Ship |
| 7:24 | Create | Villager (Male) |
| 7:29 | Build | House |
| 7:47 | Create | Villager (Male) |
| 7:51 | Create | Fishing Ship |
| 8:13 | Create | Villager (Male) |
| 8:37 | Create | Villager (Male) |
| 8:45 | Build | House |
| 8:49 | Create | Fishing Ship |
| 8:53 | Build | House |
| 9:03 | Create | Villager (Male) |
| 9:44 | Build | Mill |
| 9:50 | Build | Mining Camp |
| 9:55 | Create | Villager (Male) |
| 10:21 | Build | Lumber Camp |
| 10:28 | Research | Feudal Age |
| 11:44 | Build | Dock |
| 12:38 | Age | Feudal Age |
| 12:39 | Create | Villager (Male) |
| 12:39 | Create | Villager (Male) |
| 12:48 | Create | Unit 2626 |
| 12:49 | Create | Unit 2626 |
| 12:53 | Build | House |
| 13:11 | Build | Mill |
| 13:13 | Create | Villager (Male) |
| 13:36 | Create | Villager (Male) |
| 13:41 | Create | Unit 2626 |
| 13:42 | Create | Unit 2626 |
| 13:45 | Create | Unit 2626 |
| 13:46 | Create | Unit 2626 |
| 13:50 | Build | Dock |
| 14:08 | Create | Villager (Male) |
| 14:21 | Build | Blacksmith |
| 14:25 | Create | Villager (Male) |
| 14:31 | Create | Unit 2626 |
| 14:34 | Build | House |
| 14:38 | Create | Villager (Male) |
| 15:11 | Create | Villager (Male) |
| 15:29 | Build | Mill |
| 15:39 | Build | Market |
| 17:00 | Research | Castle Age |
| 17:18 | Build | Mining Camp |
| 17:31 | Research | Tech 906 |
| 17:34 | Create | Fishing Ship |
| 17:36 | Create | Fishing Ship |
| 17:55 | Research | Double-Bit Axe |
| 18:59 | Build | Palisade Wall |
| 19:03 | Build | Palisade Wall |
| 19:06 | Build | Palisade Gate |
| 19:08 | Build | House |
| 19:12 | Build | House |
| 19:29 | Build | Palisade Wall |
| 19:32 | Build | Building 800 |
| 19:40 | Age | Castle Age |
| 19:42 | Create | Villager (Male) |
| 19:43 | Create | Villager (Male) |
| 19:44 | Build | Monastery |
| 19:55 | Build | Palisade Wall |
| 20:08 | Create | Villager (Male) |
| 20:15 | Create | Villager (Male) |
| 20:26 | Create | Monk |
| 20:46 | Create | Villager (Male) |
| 20:50 | Build | Monastery |
| 20:53 | Create | Monk |
| 21:02 | Create | Villager (Male) |
| 21:24 | Build | Castle |
| 21:37 | Create | Monk |
| 21:42 | Create | Villager (Male) |
| 22:10 | Create | Villager (Male) |
| 22:11 | Research | Bow Saw |
| 22:11 | Research | Bow Saw |
| 22:14 | Create | Villager (Male) |
| 22:17 | Create | Villager (Male) |
| 22:30 | Research | Fletching |
| 22:45 | Create | Villager (Male) |
| 23:01 | Build | Siege Workshop |
| 23:17 | Research | Bodkin Arrow |
| 23:18 | Research | Bodkin Arrow |
| 23:20 | Create | Villager (Male) |
| 23:30 | Build | Lumber Camp |
| 23:36 | Create | Mangonel |
| 24:01 | Create | Villager (Male) |
| 24:02 | Research | Gold Mining |
| 24:04 | Research | Padded Archer Armor |
| 24:05 | Create | Mangudai |
| 24:05 | Create | Mangudai |
| 24:25 | Create | Mangudai |
| 24:25 | Create | Mangudai |
| 24:42 | Create | Mangudai |
| 24:42 | Create | Mangudai |
| 24:42 | Create | Mangudai |
| 24:55 | Create | Mangudai |
| 24:55 | Create | Mangudai |
| 25:20 | Create | Mangudai |
| 25:56 | Create | Monk |
| 26:02 | Build | Palisade Wall |
| 26:39 | Create | Mangudai |
| 26:41 | Research | Leather Archer Armor |
| 26:41 | Research | Leather Archer Armor |
| 26:45 | Build | House |
| 27:04 | Research | Wheelbarrow |
| 27:04 | Research | Wheelbarrow |
| 28:17 | Build | Castle |
| 29:06 | Research | Imperial Age |
| 29:07 | Research | Imperial Age |
| 29:08 | Build | House |
| 29:13 | Research | Gold Shaft Mining |
| 29:13 | Research | Gold Shaft Mining |
| 29:15 | Build | House |
| 29:17 | Build | Fish Trap |
| 29:18 | Build | Fish Trap |
| 29:20 | Build | Fish Trap |
| 29:22 | Build | Fish Trap |
| 29:24 | Build | Fish Trap |
| 29:32 | Build | Town Center |
| 29:43 | Create | Mangudai ×5 |
| 29:43 | Create | Mangudai |
| 29:44 | Create | Mangudai |
| 29:51 | Build | House |
| 30:13 | Create | Villager (Male) |
| 31:19 | Create | Villager (Male) |
| 31:20 | Create | Villager (Male) |
| 31:21 | Create | Villager (Male) |
| 31:31 | Build | Siege Workshop |
| 31:36 | Create | Mangudai |
| 31:36 | Create | Mangudai |
| 31:37 | Create | Mangudai |
Build order — CSA_Smith
134 actions detected in the replay
| 0:29 | Build | Town Center |
| 1:51 | Build | House |
| 3:08 | Research | Loom |
| 4:04 | Build | Dock |
| 4:43 | Create | Villager (Male) |
| 4:53 | Create | Fishing Ship |
| 5:16 | Create | Villager (Male) |
| 5:58 | Create | Villager (Male) |
| 6:14 | Create | Fishing Ship |
| 6:24 | Create | Villager (Male) |
| 7:01 | Create | Villager (Male) |
| 7:01 | Create | Villager (Male) |
| 7:28 | Create | Fishing Ship |
| 7:36 | Create | Villager (Male) |
| 8:14 | Create | Villager (Male) |
| 8:25 | Build | House |
| 8:29 | Create | Fishing Ship |
| 8:39 | Create | Villager (Male) |
| 9:04 | Create | Fishing Ship |
| 9:10 | Create | Villager (Male) |
| 9:42 | Create | Villager (Male) |
| 9:43 | Create | Villager (Male) |
| 9:43 | Create | Villager (Male) |
| 9:55 | Build | Lumber Camp |
| 10:34 | Build | House |
| 11:00 | Create | Villager (Male) |
| 11:05 | Build | House |
| 11:27 | Build | Mill |
| 11:37 | Create | Villager (Male) |
| 12:03 | Research | Feudal Age |
| 13:30 | Build | Mining Camp |
| 13:56 | Build | Mining Camp |
| 14:13 | Create | Villager (Male) |
| 14:13 | Create | Villager (Male) |
| 14:13 | Create | Villager (Male) |
| 14:13 | Age | Feudal Age |
| 14:27 | Build | Market |
| 14:36 | Build | Blacksmith |
| 15:30 | Create | Villager (Male) |
| 16:01 | Build | Mining Camp |
| 16:27 | Research | Castle Age |
| 16:39 | Research | Stone Mining |
| 18:34 | Research | Fletching |
| 19:01 | Create | Villager (Male) |
| 19:01 | Create | Villager (Male) |
| 19:01 | Create | Villager (Male) |
| 19:07 | Age | Castle Age |
| 19:28 | Build | Castle |
| 19:34 | Create | Villager (Male) |
| 19:34 | Create | Villager (Male) |
| 19:35 | Create | Villager (Male) |
| 19:59 | Create | Unit 2626 |
| 20:12 | Research | Bodkin Arrow |
| 20:22 | Create | Villager (Male) |
| 20:23 | Create | Villager (Male) |
| 20:23 | Create | Villager (Male) |
| 21:21 | Create | Unit 2626 |
| 21:56 | Build | Siege Workshop |
| 22:01 | Create | Villager (Male) |
| 22:01 | Create | Villager (Male) |
| 22:01 | Create | Villager (Male) |
| 22:33 | Create | Iron Pagoda |
| 22:49 | Research | Double-Bit Axe |
| 22:58 | Build | House |
| 23:52 | Build | Town Center |
| 24:11 | Create | Villager (Male) |
| 24:11 | Create | Villager (Male) |
| 24:12 | Create | Villager (Male) |
| 24:20 | Build | Barracks |
| 24:28 | Create | Villager (Male) |
| 24:28 | Create | Villager (Male) |
| 24:40 | Create | Unit 2626 |
| 25:10 | Create | Iron Pagoda |
| 25:43 | Create | Villager (Male) |
| 25:43 | Create | Villager (Male) |
| 26:30 | Build | Town Center |
| 26:36 | Create | Villager (Male) |
| 26:37 | Create | Villager (Male) |
| 26:51 | Create | Villager (Male) |
| 26:51 | Create | Villager (Male) |
| 27:10 | Build | Farm |
| 27:24 | Build | Farm |
| 27:30 | Build | Farm |
| 27:49 | Create | Villager (Male) |
| 27:49 | Create | Villager (Male) |
| 28:07 | Build | Farm |
| 28:15 | Create | Iron Pagoda |
| 28:22 | Create | Chu Ko Nu |
| 28:22 | Create | Chu Ko Nu |
| 28:22 | Create | Chu Ko Nu |
| 28:23 | Create | Chu Ko Nu |
| 28:28 | Create | Villager (Male) |
| 28:29 | Create | Villager (Male) |
| 29:01 | Create | Chu Ko Nu |
| 29:01 | Create | Chu Ko Nu |
| 29:01 | Create | Chu Ko Nu |
| 29:24 | Create | Villager (Male) |
| 29:24 | Create | Villager (Male) |
| 29:24 | Create | Villager (Male) |
| 29:50 | Build | Castle |
| 30:02 | Create | Chu Ko Nu |
| 30:02 | Create | Chu Ko Nu |
| 30:03 | Create | Chu Ko Nu |
| 30:26 | Create | Villager (Male) |
| 30:26 | Create | Villager (Male) |
| 30:26 | Create | Villager (Male) |
| 30:26 | Create | Villager (Male) |
| 30:32 | Build | Farm |
| 30:40 | Build | Blacksmith |
| 31:20 | Research | Padded Archer Armor |
| 31:43 | Create | Chu Ko Nu |
| 31:43 | Create | Chu Ko Nu |
| 31:44 | Create | Chu Ko Nu |
| 31:44 | Create | Chu Ko Nu |
| 31:44 | Create | Chu Ko Nu |
| 31:44 | Create | Chu Ko Nu |
| 32:33 | Create | Villager (Male) |
| 32:33 | Create | Villager (Male) |
| 32:34 | Create | Villager (Male) |
| 32:34 | Create | Villager (Male) |
| 32:34 | Create | Villager (Male) |
| 32:34 | Create | Villager (Male) |
| 32:43 | Create | Villager (Male) |
| 32:43 | Create | Villager (Male) |
| 32:43 | Create | Villager (Male) |
| 32:43 | Create | Villager (Male) |
| 33:20 | Create | Villager (Male) |
| 33:20 | Create | Villager (Male) |
| 33:20 | Create | Villager (Male) |
| 33:34 | Build | Farm |
| 33:34 | Build | Farm |
| 34:20 | Create | Villager (Male) |
| 34:20 | Create | Villager (Male) |
| 34:21 | Create | Villager (Male) |
Build order — CSA_Prince
First 150 of 272 actions detected
| 0:28 | Build | Town Center |
| 1:50 | Build | House |
| 1:54 | Build | Dock |
| 2:51 | Create | Villager (Male) |
| 2:51 | Create | Villager (Male) |
| 2:51 | Create | Villager (Male) |
| 2:52 | Create | Villager (Male) |
| 2:52 | Create | Villager (Male) |
| 3:59 | Research | Loom |
| 4:01 | Create | Fishing Ship |
| 4:41 | Build | House |
| 5:10 | Create | Fishing Ship |
| 5:26 | Create | Villager (Male) |
| 5:27 | Create | Villager (Male) |
| 5:27 | Create | Villager (Male) |
| 5:50 | Build | House |
| 5:58 | Create | Villager (Male) |
| 5:58 | Create | Villager (Male) |
| 5:58 | Create | Villager (Male) |
| 6:29 | Create | Fishing Ship |
| 6:35 | Create | Villager (Male) |
| 6:36 | Create | Villager (Male) |
| 6:36 | Create | Villager (Male) |
| 7:01 | Create | Villager (Male) |
| 7:01 | Create | Villager (Male) |
| 7:23 | Create | Villager (Male) |
| 7:24 | Create | Villager (Male) |
| 7:24 | Create | Villager (Male) |
| 7:25 | Create | Fishing Ship |
| 7:48 | Create | Villager (Male) |
| 7:48 | Create | Villager (Male) |
| 8:11 | Create | Villager (Male) |
| 8:11 | Create | Villager (Male) |
| 8:11 | Create | Villager (Male) |
| 8:19 | Build | House |
| 8:32 | Create | Villager (Male) |
| 9:21 | Create | Villager (Male) |
| 9:35 | Build | Mining Camp |
| 10:02 | Research | Feudal Age |
| 10:02 | Research | Feudal Age |
| 10:57 | Build | Dock |
| 11:18 | Build | House |
| 12:02 | Build | Dock |
| 12:12 | Age | Feudal Age |
| 12:14 | Create | Unit 2626 |
| 12:15 | Create | Unit 2626 |
| 12:17 | Create | Villager (Male) |
| 12:17 | Create | Villager (Male) |
| 12:17 | Create | Villager (Male) |
| 12:18 | Create | Villager (Male) |
| 12:18 | Create | Villager (Male) |
| 12:43 | Build | House |
| 12:44 | Build | House |
| 12:54 | Create | Unit 2626 |
| 12:54 | Create | Unit 2626 |
| 13:31 | Create | Villager (Male) |
| 13:31 | Create | Villager (Male) |
| 13:34 | Create | Unit 2626 |
| 13:34 | Create | Unit 2626 |
| 13:34 | Create | Unit 2626 |
| 13:44 | Build | Lumber Camp |
| 14:01 | Build | Palisade Gate |
| 14:19 | Build | House |
| 14:45 | Build | House |
| 15:07 | Create | Unit 2626 |
| 15:07 | Create | Unit 2626 |
| 15:07 | Create | Unit 2626 |
| 15:15 | Create | Villager (Male) |
| 15:15 | Create | Villager (Male) |
| 15:16 | Create | Villager (Male) |
| 15:16 | Create | Villager (Male) |
| 15:28 | Create | Villager (Male) |
| 15:34 | Build | House |
| 15:35 | Build | House |
| 15:37 | Build | House |
| 15:40 | Build | Palisade Wall |
| 15:42 | Build | Palisade Wall |
| 15:44 | Build | Palisade Wall |
| 16:03 | Create | Fishing Ship |
| 16:03 | Create | Fishing Ship |
| 16:03 | Create | Fishing Ship |
| 16:32 | Build | House |
| 16:36 | Create | Villager (Male) |
| 16:36 | Create | Villager (Male) |
| 16:36 | Create | Villager (Male) |
| 16:36 | Create | Villager (Male) |
| 16:37 | Create | Villager (Male) |
| 16:42 | Research | Double-Bit Axe |
| 16:43 | Research | Double-Bit Axe |
| 16:43 | Research | Double-Bit Axe |
| 16:50 | Build | Mill |
| 17:02 | Create | Fishing Ship |
| 17:02 | Create | Fishing Ship |
| 17:02 | Create | Fishing Ship |
| 17:16 | Build | House |
| 17:39 | Build | Farm |
| 17:40 | Build | Farm |
| 17:40 | Build | Farm |
| 17:42 | Research | Horse Collar |
| 17:42 | Research | Horse Collar |
| 17:47 | Create | Villager (Male) |
| 17:47 | Create | Villager (Male) |
| 17:47 | Create | Villager (Male) |
| 17:55 | Create | Fishing Ship |
| 17:55 | Create | Fishing Ship |
| 19:20 | Build | Barracks |
| 19:57 | Build | Palisade Wall |
| 19:59 | Build | Palisade Wall |
| 20:01 | Build | Palisade Wall |
| 20:01 | Build | Palisade Wall |
| 20:15 | Research | Town Watch |
| 20:26 | Build | Lumber Camp |
| 20:30 | Build | Palisade Gate |
| 20:49 | Create | Villager (Male) |
| 20:49 | Create | Villager (Male) |
| 20:50 | Create | Villager (Male) |
| 20:50 | Create | Villager (Male) |
| 21:35 | Research | Wheelbarrow |
| 22:07 | Create | Unit 2626 |
| 22:07 | Create | Unit 2626 |
| 22:07 | Create | Unit 2626 |
| 22:27 | Build | Palisade Gate |
| 22:44 | Build | Stone Wall |
| 23:21 | Build | Market |
| 23:25 | Create | Villager (Male) |
| 23:25 | Create | Villager (Male) |
| 23:25 | Create | Villager (Male) |
| 23:54 | Build | Dock |
| 23:57 | Create | Unit 2626 |
| 23:57 | Create | Unit 2626 |
| 23:58 | Create | Unit 2626 |
| 24:20 | Build | Lumber Camp |
| 25:12 | Build | Town Center |
| 25:39 | Create | Unit 2626 |
| 25:40 | Create | Unit 2626 |
| 25:40 | Create | Unit 2626 |
| 25:40 | Create | Unit 2626 |
| 25:45 | Create | Fishing Ship |
| 25:45 | Create | Fishing Ship |
| 26:35 | Create | Unit 2626 |
| 26:36 | Create | Unit 2626 |
| 26:48 | Build | House |
| 26:48 | Build | House |
| 26:48 | Build | House |
| 26:48 | Build | House |
| 26:49 | Build | House |
| 26:49 | Build | House |
| 27:49 | Create | Unit 2626 |
| 27:49 | Create | Unit 2626 |
| 27:49 | Create | Unit 2626 |
Build order — CSA_A_Clark
First 150 of 187 actions detected
| 0:13 | Build | Town Center |
| 1:39 | Build | Dock |
| 1:48 | Build | House |
| 3:06 | Create | Villager (Male) |
| 3:07 | Create | Villager (Male) |
| 3:07 | Create | Villager (Male) |
| 3:08 | Create | Villager (Male) |
| 3:13 | Research | Loom |
| 4:15 | Create | Fishing Ship |
| 5:17 | Build | House |
| 5:34 | Build | Palisade Wall |
| 5:39 | Create | Villager (Male) |
| 5:40 | Create | Villager (Male) |
| 6:20 | Create | Fishing Ship |
| 6:21 | Create | Fishing Ship |
| 6:34 | Build | Palisade Wall |
| 6:56 | Create | Villager (Male) |
| 7:27 | Create | Villager (Male) |
| 7:59 | Build | House |
| 8:07 | Create | Villager (Male) |
| 8:34 | Create | Villager (Male) |
| 8:55 | Create | Villager (Male) |
| 8:56 | Create | Villager (Male) |
| 9:14 | Create | Fishing Ship |
| 9:16 | Create | Fishing Ship |
| 9:27 | Create | Fishing Ship |
| 9:42 | Build | Palisade Wall |
| 9:55 | Create | Villager (Male) |
| 9:56 | Create | Villager (Male) |
| 9:57 | Create | Villager (Male) |
| 9:58 | Create | Villager (Male) |
| 10:17 | Build | House |
| 11:24 | Build | Mill |
| 11:56 | Build | House |
| 11:59 | Create | Fishing Ship |
| 12:12 | Research | Feudal Age |
| 13:09 | Build | Mill |
| 13:24 | Create | Villager (Male) |
| 13:25 | Create | Villager (Male) |
| 13:25 | Create | Villager (Male) |
| 13:26 | Create | Villager (Male) |
| 14:01 | Build | Mining Camp |
| 14:22 | Age | Feudal Age |
| 14:24 | Create | Villager (Male) |
| 14:25 | Create | Villager (Male) |
| 14:25 | Create | Villager (Male) |
| 14:38 | Build | Market |
| 15:12 | Build | Watch Tower |
| 15:31 | Create | Fire Galley |
| 15:52 | Build | House |
| 16:16 | Create | Villager (Male) |
| 16:24 | Build | Blacksmith |
| 17:03 | Create | Villager (Male) |
| 17:03 | Create | Villager (Male) |
| 17:04 | Create | Villager (Male) |
| 17:15 | Build | Watch Tower |
| 17:42 | Build | Barracks |
| 18:50 | Create | Fire Galley |
| 18:53 | Create | Fire Galley |
| 19:14 | Create | Villager (Male) |
| 19:14 | Create | Villager (Male) |
| 19:15 | Create | Villager (Male) |
| 19:24 | Build | House |
| 19:59 | Create | Fire Galley |
| 20:02 | Create | Fire Galley |
| 20:32 | Build | Stable |
| 21:01 | Create | Fire Galley |
| 21:25 | Research | Castle Age |
| 21:33 | Build | House |
| 21:46 | Build | House |
| 22:37 | Build | Town Center |
| 22:59 | Build | Lumber Camp |
| 23:18 | Create | Fishing Ship |
| 23:18 | Create | Fishing Ship |
| 23:19 | Create | Fishing Ship |
| 24:05 | Age | Castle Age |
| 24:10 | Create | Villager (Male) |
| 24:11 | Create | Villager (Male) |
| 25:36 | Build | Siege Workshop |
| 26:06 | Create | Mangonel |
| 26:18 | Create | Mangonel |
| 26:30 | Create | Villager (Male) |
| 26:31 | Create | Villager (Male) |
| 26:31 | Create | Villager (Male) |
| 26:32 | Create | Villager (Male) |
| 27:19 | Research | Bloodlines |
| 27:31 | Build | Town Center |
| 27:52 | Create | Battering Ram |
| 28:05 | Create | Villager (Male) |
| 28:05 | Create | Villager (Male) |
| 28:19 | Create | Villager (Male) |
| 28:26 | Create | Battering Ram |
| 29:19 | Build | Farm |
| 29:21 | Build | Farm |
| 29:24 | Build | Farm |
| 29:26 | Build | Farm |
| 29:28 | Build | Farm |
| 29:32 | Research | Double-Bit Axe |
| 29:46 | Create | Villager (Male) |
| 29:46 | Create | Villager (Male) |
| 30:08 | Build | Farm |
| 30:44 | Create | Knight |
| 30:44 | Create | Knight |
| 30:45 | Create | Knight |
| 30:45 | Create | Knight |
| 30:59 | Create | Battering Ram |
| 31:01 | Create | Battering Ram |
| 31:14 | Build | Farm |
| 31:16 | Build | Farm |
| 31:18 | Build | Farm |
| 31:23 | Build | Farm |
| 31:25 | Build | Farm |
| 31:30 | Build | Castle |
| 31:36 | Create | Villager (Male) |
| 31:37 | Create | Villager (Male) |
| 31:51 | Build | House |
| 31:52 | Build | House |
| 31:59 | Create | Fire Galley |
| 31:59 | Create | Fire Galley |
| 32:26 | Create | Villager (Male) |
| 32:26 | Create | Villager (Male) |
| 32:27 | Create | Villager (Male) |
| 32:27 | Create | Villager (Male) |
| 32:28 | Create | Villager (Male) |
| 32:54 | Build | Farm |
| 32:56 | Build | Farm |
| 32:58 | Build | Farm |
| 33:01 | Build | Farm |
| 33:18 | Create | Knight |
| 33:19 | Create | Knight |
| 33:20 | Create | Knight |
| 33:44 | Create | Knight |
| 33:45 | Create | Knight |
| 34:11 | Research | Horse Collar |
| 34:35 | Create | Knight |
| 35:20 | Create | Kipchak |
| 35:21 | Create | Kipchak |
| 35:21 | Create | Kipchak |
| 35:21 | Create | Kipchak |
| 35:37 | Create | Knight |
| 35:38 | Create | Steppe Lancer |
| 35:39 | Create | Steppe Lancer |
| 35:39 | Create | Steppe Lancer |
| 35:47 | Create | Battering Ram |
| 35:47 | Create | Battering Ram |
| 36:20 | Build | Castle |
| 37:02 | Create | Knight |
| 37:03 | Create | Knight |
| 37:04 | Create | Knight |
| 37:05 | Create | Knight |
Build order — iggo_px
First 150 of 384 actions detected
| 0:42 | Build | Town Center |
| 0:57 | Build | Dock |
| 1:00 | Build | House |
| 1:12 | Build | House |
| 2:55 | Create | Villager (Male) |
| 2:55 | Create | Villager (Male) |
| 2:56 | Create | Villager (Male) |
| 2:56 | Create | Villager (Male) |
| 4:17 | Create | Fishing Ship |
| 4:37 | Create | Villager (Male) |
| 4:48 | Research | Loom |
| 4:55 | Create | Villager (Male) |
| 5:05 | Build | House |
| 5:08 | Research | Loom |
| 5:41 | Create | Villager (Male) |
| 5:41 | Create | Villager (Male) |
| 5:59 | Build | House |
| 6:04 | Create | Villager (Male) |
| 6:25 | Create | Fishing Ship |
| 6:29 | Create | Villager (Male) |
| 7:08 | Create | Villager (Male) |
| 7:08 | Create | Villager (Male) |
| 7:09 | Create | Villager (Male) |
| 7:38 | Create | Fishing Ship |
| 7:59 | Build | House |
| 8:05 | Create | Villager (Male) |
| 8:05 | Create | Villager (Male) |
| 8:45 | Create | Villager (Male) |
| 8:54 | Create | Fishing Ship |
| 8:54 | Create | Fishing Ship |
| 9:00 | Build | House |
| 9:09 | Create | Villager (Male) |
| 9:09 | Create | Villager (Male) |
| 9:15 | Build | Lumber Camp |
| 9:26 | Create | Villager (Male) |
| 9:51 | Create | Fishing Ship |
| 9:54 | Build | House |
| 10:07 | Create | Villager (Male) |
| 10:16 | Build | Mill |
| 10:35 | Create | Villager (Male) |
| 11:14 | Create | Villager (Male) |
| 11:46 | Research | Feudal Age |
| 11:58 | Build | House |
| 11:59 | Build | House |
| 12:00 | Build | House |
| 12:41 | Build | Mining Camp |
| 13:07 | Create | Villager (Male) |
| 13:08 | Create | Villager (Male) |
| 13:08 | Create | Villager (Male) |
| 13:08 | Age | Feudal Age |
| 13:29 | Build | Mining Camp |
| 13:32 | Create | Villager (Male) |
| 13:36 | Research | Double-Bit Axe |
| 13:38 | Research | Horse Collar |
| 13:43 | Build | Farm |
| 13:44 | Build | Farm |
| 13:45 | Build | Farm |
| 13:47 | Build | Farm |
| 14:26 | Create | Villager (Male) |
| 14:51 | Create | Unit 2626 |
| 15:10 | Build | House |
| 15:11 | Build | House |
| 15:12 | Build | House |
| 15:14 | Create | Villager (Male) |
| 15:14 | Create | Villager (Male) |
| 15:14 | Create | Villager (Male) |
| 15:19 | Build | Farm |
| 15:21 | Build | Farm |
| 15:28 | Build | Farm |
| 15:33 | Create | Villager (Male) |
| 16:04 | Create | Villager (Male) |
| 16:46 | Create | Unit 2626 |
| 17:03 | Create | Villager (Male) |
| 17:13 | Build | Market |
| 17:20 | Build | Blacksmith |
| 17:24 | Create | Villager (Male) |
| 17:35 | Build | Farm |
| 19:02 | Research | Castle Age |
| 19:05 | Research | Gold Mining |
| 19:44 | Build | Farm |
| 19:46 | Build | Farm |
| 19:49 | Build | Farm |
| 19:50 | Build | Farm |
| 20:17 | Build | House |
| 20:19 | Build | House |
| 20:20 | Build | House |
| 20:21 | Build | House |
| 20:32 | Create | Villager (Male) |
| 20:32 | Create | Villager (Male) |
| 20:32 | Create | Villager (Male) |
| 20:38 | Age | Castle Age |
| 21:13 | Create | Villager (Male) |
| 21:39 | Build | Castle |
| 21:44 | Build | Lumber Camp |
| 21:49 | Create | Villager (Male) |
| 21:58 | Build | Town Center |
| 22:33 | Create | Villager (Male) |
| 22:39 | Build | House |
| 22:40 | Build | House |
| 22:41 | Build | House |
| 22:41 | Build | House |
| 22:46 | Build | House |
| 22:52 | Build | Barracks |
| 22:56 | Create | Villager (Male) |
| 23:12 | Research | Heavy Plow |
| 23:13 | Research | Bow Saw |
| 23:15 | Create | Villager (Male) |
| 23:19 | Create | Karambit Warrior |
| 23:19 | Create | Karambit Warrior |
| 23:20 | Create | Karambit Warrior |
| 23:20 | Create | Karambit Warrior |
| 23:27 | Create | Karambit Warrior |
| 23:27 | Create | Karambit Warrior |
| 23:28 | Create | Karambit Warrior |
| 23:30 | Create | Karambit Warrior |
| 23:30 | Create | Karambit Warrior |
| 23:31 | Create | Karambit Warrior |
| 23:37 | Create | Villager (Male) |
| 23:37 | Create | Villager (Male) |
| 23:37 | Create | Villager (Male) |
| 23:41 | Create | Villager (Male) |
| 23:44 | Build | Farm |
| 23:49 | Build | Farm |
| 23:53 | Create | Villager (Male) |
| 23:55 | Research | Squires |
| 23:58 | Research | Forging |
| 24:00 | Create | Karambit Warrior |
| 24:01 | Create | Karambit Warrior |
| 24:36 | Create | Villager (Male) |
| 24:37 | Create | Villager (Male) |
| 24:46 | Create | Karambit Warrior |
| 24:47 | Create | Karambit Warrior |
| 24:47 | Create | Karambit Warrior |
| 24:48 | Create | Karambit Warrior |
| 24:48 | Create | Karambit Warrior |
| 24:48 | Create | Karambit Warrior |
| 24:50 | Research | Arson |
| 24:53 | Create | Karambit Warrior |
| 24:53 | Create | Karambit Warrior |
| 24:54 | Create | Villager (Male) |
| 24:54 | Create | Villager (Male) |
| 24:58 | Build | Farm |
| 25:01 | Build | Farm |
| 25:03 | Build | Farm |
| 25:09 | Build | Farm |
| 25:10 | Build | Farm |
| 25:11 | Create | Villager (Male) |
| 25:12 | Create | Villager (Male) |
| 25:15 | Create | Karambit Warrior |
| 25:25 | Research | Iron Casting |
Build order — Oveja de Batalla
First 150 of 254 actions detected
| 0:35 | Build | Town Center |
| 0:40 | Build | House |
| 0:42 | Build | Dock |
| 2:47 | Create | Villager (Male) |
| 2:48 | Create | Villager (Male) |
| 2:48 | Create | Villager (Male) |
| 2:48 | Create | Villager (Male) |
| 3:51 | Create | Villager (Male) |
| 4:18 | Build | House |
| 4:31 | Create | Villager (Male) |
| 4:48 | Create | Villager (Male) |
| 4:49 | Create | Villager (Male) |
| 4:50 | Create | Villager (Male) |
| 6:04 | Create | Villager (Male) |
| 6:07 | Create | Villager (Male) |
| 6:08 | Create | Villager (Male) |
| 6:20 | Build | House |
| 6:22 | Build | Palisade Wall |
| 6:27 | Create | Villager (Male) |
| 7:12 | Create | Fishing Ship |
| 7:16 | Create | Villager (Male) |
| 7:52 | Create | Villager (Male) |
| 7:52 | Create | Villager (Male) |
| 7:52 | Create | Villager (Male) |
| 7:55 | Create | Fishing Ship |
| 8:46 | Build | House |
| 9:11 | Build | Mill |
| 9:28 | Research | Loom |
| 9:30 | Create | Villager (Male) |
| 9:50 | Build | House |
| 10:08 | Build | Farm |
| 10:09 | Create | Fishing Ship |
| 10:20 | Build | House |
| 10:25 | Create | Villager (Male) |
| 10:27 | Create | Villager (Male) |
| 10:53 | Build | Mining Camp |
| 10:56 | Create | Villager (Male) |
| 10:57 | Create | Villager (Male) |
| 11:16 | Create | Fishing Ship |
| 11:34 | Build | House |
| 11:43 | Build | House |
| 12:10 | Research | Feudal Age |
| 12:23 | Create | Fishing Ship |
| 12:52 | Build | Barracks |
| 13:42 | Create | Villager (Male) |
| 13:44 | Create | Villager (Male) |
| 13:46 | Create | Villager (Male) |
| 14:08 | Build | House |
| 14:20 | Age | Feudal Age |
| 14:29 | Build | Blacksmith |
| 15:16 | Build | Market |
| 15:25 | Create | Villager (Male) |
| 15:43 | Build | Lumber Camp |
| 15:58 | Create | Villager (Male) |
| 16:00 | Build | House |
| 16:34 | Research | Castle Age |
| 16:38 | Research | Man-at-Arms (upgrade) |
| 16:50 | Build | House |
| 17:01 | Create | Militia |
| 17:09 | Build | House |
| 17:11 | Build | House |
| 17:27 | Build | Mill |
| 17:38 | Create | Militia |
| 18:06 | Research | Double-Bit Axe |
| 18:29 | Create | Villager (Male) |
| 18:39 | Create | Villager (Male) |
| 19:14 | Age | Castle Age |
| 19:16 | Build | Castle |
| 19:22 | Research | Bow Saw |
| 19:25 | Create | Fire Lancer |
| 19:26 | Create | Fire Lancer |
| 19:26 | Create | Fire Lancer |
| 19:27 | Create | Fire Lancer |
| 19:30 | Create | Villager (Male) |
| 19:42 | Create | Villager (Male) |
| 20:06 | Research | Scale Mail Armor |
| 20:20 | Create | Villager (Male) |
| 20:44 | Create | Villager (Male) |
| 20:44 | Create | Villager (Male) |
| 20:59 | Build | Town Center |
| 21:39 | Research | Town Watch |
| 21:40 | Research | Wheelbarrow |
| 21:51 | Build | Farm |
| 21:53 | Build | Farm |
| 22:09 | Create | Unit 1908 |
| 22:31 | Research | Fletching |
| 22:57 | Create | Villager (Male) |
| 22:57 | Create | Villager (Male) |
| 23:28 | Build | Siege Workshop |
| 23:52 | Create | Villager (Male) |
| 23:52 | Create | Villager (Male) |
| 23:52 | Create | Villager (Male) |
| 24:05 | Build | Farm |
| 24:08 | Build | Farm |
| 24:11 | Build | Farm |
| 24:22 | Create | Villager (Male) |
| 24:34 | Create | Villager (Male) |
| 24:34 | Create | Villager (Male) |
| 24:40 | Create | Iron Pagoda |
| 24:43 | Create | Villager (Male) |
| 25:01 | Create | Villager (Male) |
| 25:07 | Create | Fishing Ship |
| 25:38 | Create | Iron Pagoda |
| 25:40 | Create | Villager (Male) |
| 25:40 | Create | Villager (Male) |
| 25:41 | Create | Villager (Male) |
| 25:52 | Research | Horse Collar |
| 25:52 | Research | Horse Collar |
| 26:05 | Create | Villager (Male) |
| 26:36 | Create | Iron Pagoda |
| 26:40 | Create | Unit 1908 |
| 26:43 | Create | Villager (Male) |
| 26:44 | Create | Villager (Male) |
| 27:08 | Create | Villager (Male) |
| 27:18 | Build | Town Center |
| 27:24 | Create | Villager (Male) |
| 28:13 | Research | Padded Archer Armor |
| 28:28 | Build | Farm |
| 28:29 | Build | Farm |
| 28:30 | Build | Farm |
| 28:32 | Build | Farm |
| 28:35 | Create | Villager (Male) |
| 28:36 | Create | Villager (Male) |
| 29:16 | Create | Unit 1908 |
| 29:17 | Create | Unit 1908 |
| 29:23 | Build | Farm |
| 29:24 | Build | Farm |
| 29:25 | Build | Farm |
| 29:39 | Create | Unit 1908 |
| 29:44 | Create | Villager (Male) |
| 30:14 | Build | Town Center |
| 30:21 | Create | Unit 1908 |
| 30:22 | Create | Unit 1908 |
| 31:02 | Research | Leather Archer Armor |
| 31:37 | Research | Gold Mining |
| 31:39 | Build | Farm |
| 31:41 | Build | Farm |
| 31:42 | Build | Farm |
| 31:43 | Create | Villager (Male) |
| 32:43 | Build | Town Center |
| 33:16 | Research | Gold Shaft Mining |
| 33:21 | Build | Farm |
| 33:22 | Build | Farm |
| 33:26 | Build | Farm |
| 33:27 | Build | Farm |
| 33:28 | Build | Farm |
| 33:31 | Build | Farm |
| 33:32 | Build | Farm |
| 33:34 | Create | Villager (Male) |
| 33:34 | Create | Villager (Male) |
Match timeline
| 0:42 | Oveja de Batalla · first_building Dock |
| 0:48 | boofbuddha · first_building Dock |
| 0:57 | iggo_px · first_building Dock |
| 0:59 | CSA_WHF_Payne · first_building Dock |
| 1:39 | CSA_A_Clark · first_building Dock |
| 1:54 | CSA_Prince · first_building Dock |
| 2:20 | _dRix4_ · first_building Dock |
| 4:04 | CSA_Smith · first_building Dock |
| 5:34 | CSA_A_Clark · wall_segment Palisade Wall x7 |
| 6:22 | Oveja de Batalla · wall_segment Palisade Wall x1 |
| 6:34 | CSA_A_Clark · wall_segment Palisade Wall x10 |
| 9:42 | CSA_A_Clark · wall_segment Palisade Wall x1 |
| 12:12 | CSA_Prince · age_up feudal |
| 12:38 | _dRix4_ · age_up feudal |
| 12:52 | Oveja de Batalla · first_building Barracks |
| 13:08 | iggo_px · age_up feudal |
| 13:48 | boofbuddha · age_up feudal |
| 13:53 | CSA_WHF_Payne · wall_segment Palisade Wall x4 |
| 14:03 | CSA_WHF_Payne · age_up feudal |
| 14:13 | CSA_Smith · age_up feudal |
| 14:20 | Oveja de Batalla · age_up feudal |
| 14:22 | CSA_A_Clark · age_up feudal |
| 14:45 | boofbuddha · first_building Stable |
| 15:40 | CSA_Prince · wall_segment Palisade Wall x3 |
| 15:42 | CSA_Prince · wall_segment Palisade Wall x3 |
| 15:44 | CSA_Prince · wall_segment Palisade Wall x2 |
| 16:27 | CSA_WHF_Payne · wall_segment Palisade Wall x5 |
| 17:16 | boofbuddha · age_up castle |
| 17:23 | CSA_Smith · first_market_sell 100 wood |
| 17:42 | CSA_A_Clark · first_building Barracks |
| 17:59 | CSA_WHF_Payne · first_market_sell 100 wood |
| 18:00 | CSA_WHF_Payne · first_market_buy 100 food |
| 18:20 | CSA_Smith · first_market_buy 100 stone |
| 18:59 | _dRix4_ · wall_segment Palisade Wall x3 |
| 19:03 | _dRix4_ · wall_segment Palisade Wall x1 |
| 19:07 | CSA_Smith · age_up castle |
| 19:14 | Oveja de Batalla · age_up castle |
| 19:16 | Oveja de Batalla · first_building Castle |
| 19:20 | CSA_Prince · first_building Barracks |
| 19:28 | CSA_Smith · first_building Castle |
| 19:29 | _dRix4_ · wall_segment Palisade Wall x6 |
| 19:30 | boofbuddha · wall_segment Palisade Wall x1 |
| 19:31 | boofbuddha · wall_segment Palisade Wall x1 |
| 19:32 | boofbuddha · wall_segment Palisade Wall x1 |
| 19:32 | boofbuddha · wall_segment Palisade Wall x1 |
| 19:32 | boofbuddha · wall_segment Palisade Wall x1 |
| 19:33 | boofbuddha · wall_segment Palisade Wall x1 |
| 19:33 | boofbuddha · wall_segment Palisade Wall x1 |
| 19:34 | boofbuddha · wall_segment Palisade Wall x1 |
| 19:40 | _dRix4_ · age_up castle |
| 19:44 | _dRix4_ · first_building Monastery |
| 19:55 | _dRix4_ · wall_segment Palisade Wall x2 |
| 19:57 | CSA_Prince · wall_segment Palisade Wall x1 |
| 19:59 | CSA_Prince · wall_segment Palisade Wall x1 |
| 20:01 | CSA_Prince · wall_segment Palisade Wall x1 |
| 20:01 | CSA_Prince · wall_segment Palisade Wall x1 |
| 20:07 | boofbuddha · first_building Siege Workshop |
| 20:32 | CSA_A_Clark · first_building Stable |
| 20:38 | iggo_px · age_up castle |
| 20:48 | CSA_WHF_Payne · age_up castle |
| 21:17 | _dRix4_ · first_market_buy 100 stone |
| 21:24 | _dRix4_ · first_building Castle |
| 21:39 | iggo_px · first_building Castle |
| 21:56 | CSA_Smith · first_building Siege Workshop |
| 22:44 | CSA_Prince · wall_segment Stone Wall x7 |
| 22:52 | iggo_px · first_building Barracks |
| 23:01 | _dRix4_ · first_building Siege Workshop |
| 23:09 | iggo_px · first_market_buy 100 wood |
| 23:28 | Oveja de Batalla · first_building Siege Workshop |
| 24:05 | CSA_A_Clark · age_up castle |
| 24:20 | CSA_Smith · first_building Barracks |
| 24:41 | _dRix4_ · first_market_sell 100 food |
| 25:04 | CSA_Prince · first_market_buy 100 wood |
| 25:17 | CSA_WHF_Payne · first_building Castle |
| 25:21 | CSA_Prince · tribute_sent a jugador 1 |
| 25:21 | CSA_Prince · tribute_sent a jugador 2 |
| 25:21 | CSA_Prince · tribute_sent a jugador 3 |
| 25:21 | CSA_Prince · tribute_sent a jugador 5 |
| 25:21 | CSA_Prince · tribute_sent a jugador 6 |
| 25:21 | CSA_Prince · tribute_sent a jugador 7 |
| 25:21 | CSA_Prince · tribute_sent a jugador 8 |
| 25:36 | CSA_A_Clark · first_building Siege Workshop |
| 25:47 | CSA_WHF_Payne · first_building Barracks |
| 25:56 | iggo_px · wall_segment Palisade Wall x1 |
| 26:02 | _dRix4_ · wall_segment Palisade Wall x3 |
| 27:01 | boofbuddha · first_market_buy 100 wood |
| 27:10 | boofbuddha · first_market_sell 100 wood |
| 28:17 | CSA_WHF_Payne · wall_segment Stone Wall x6 |
| 29:12 | CSA_Prince · tribute_sent a jugador 1 |
| 29:12 | CSA_Prince · tribute_sent a jugador 2 |
| 29:12 | CSA_Prince · tribute_sent a jugador 3 |
| 29:12 | CSA_Prince · tribute_sent a jugador 5 |
| 29:12 | CSA_Prince · tribute_sent a jugador 6 |
| 29:12 | CSA_Prince · tribute_sent a jugador 7 |
| 29:12 | CSA_Prince · tribute_sent a jugador 8 |
| 29:33 | iggo_px · wall_segment Palisade Wall x1 |
| 31:30 | CSA_A_Clark · first_building Castle |
| 31:40 | CSA_WHF_Payne · first_building Archery Range |
| 32:16 | _dRix4_ · age_up imperial |
| 33:14 | iggo_px · age_up imperial |
| 34:07 | CSA_Prince · age_up castle |
| 36:07 | boofbuddha · resign |
| 37:21 | _dRix4_ · first_building Barracks |
| 38:53 | _dRix4_ · first_building Archery Range |
| 38:53 | iggo_px · first_building Monastery |
| 38:56 | CSA_Prince · first_building Archery Range |
| 39:57 | Oveja de Batalla · first_market_buy 100 stone |
[ AI ANALYSIS · 1 CREDIT ]
What really happened in this match?
Wolo.gg analyzes every decision: build order, eco, micro, common mistakes by bracket. Personalized analysis on WhatsApp or Discord in 30 seconds.
Civ guide
Khmer
Perfil
Jugador #1841185